[Event "Latvijas 2022. gada jauniešu čempionāta fināls"]
[Site "Riga, Latvia"]
[Date "2022.06.15"]
[Round "6.23"]
[White "Sterns, Tomass Kristians"]
[Black "Podojniks, Marks Ernests"]
[Result "0-1"]
[TimeControl "3600+30"]
[WhiteElo "1431"]
[BlackElo "1372"]

1. d4 d5 2. Nf3 Nf6 3. c4 e6 4. Nc3 c6 5. Bg5 Be7 6. e3 h6 7. Bh4 O-O 8. Bd3 dxc4 9. Bxc4 b5 10.
Bd3 a6 11. O-O Bb7 12. Rc1 Nbd7 13. e4 Rc8 14. e5 Nd5 15. Bxe7 Qxe7 16. Ne4 Rc7 17. Bb1 c5 18. dxc5 Nxc5 19.
Nxc5 Rxc5 20. Qd3 g6 21. Rcd1 Nf4 22. Qe3 Bxf3 23. Qxf3 Qg5 24. Rd4 Nd5 25. Qe4 Rc1 26. f4 Rxf1+ 27. Kxf1 Qh4 28. Kg1 Rc8 29. g3 Rc1+ 30. Kg2 Nxf4+ 31. gxf4 Qg4+ 32. Kf2 Qg1+ 33. Kf3 Rf1+ 34. Ke2 Re1+ 35.
Kf3 Rxe4 36. Rd8+ Kg7 37. Bxe4 Qf1+ 38. Ke3 Qh3+ 39. Bf3 Qxh2 40. Rd2 Qg1+ 41. Rf2 Qc1+ 42. Rd2 Qc5+ 43. Rd4 f6 44.
exf6+ Kxf6 45. Be4 e5 0-1

[Event "Latvijas 2022. gada jauniešu čempionāta fināls"]
[Site "Riga, Latvia"]
[Date "2022.06.15"]
[Round "6.24"]
[White "Lahs, Einars"]
[Black "Stinka, Gustavs"]
[Result "1-0"]
[TimeControl "3600+30"]
[WhiteElo "1675"]
[BlackElo "1086"]

1. e4 e5 2. Nf3 Nc6 3. Bb5 Nd4 4. Nxd4 exd4 5. O-O c6 6. Bc4 Nf6 7. d3 d5 8. exd5 Nxd5 9. Qh5 Be6 10.
Re1 Qd7 11. Qe5 Bd6 12. Qxd4 O-O-O 13. Qxa7 Nb4 14.
Bxe6 fxe6 15. Na3 Rhf8 16. Be3 Rf5 17. Nc4 Nd5 18. Nxd6+ Qxd6 19. Qc5 Qc7 20. Qc4 Rdf8 21. Re2 Nxe3 22. Qxe6+ Kb8 23. Qxe3 b5 24. Rf1 R8f7 25. Qg3 Rf4 26. Re4 Kb7 27. Rxf4 Rxf4 28. Re1 Qf7 29.
Qe3 Ka6 30. Qe8 Rxf2 31. Qxc6+ Ka5 32.
Qc3+ Ka6 33. Qc8+ Ka5 34. Qd8+ Ka6 35. Qd6+ Ka5 36. b4+ Ka4 37. Qa6+ Kxb4 38. Rb1+ Kc3 39. Qa3+ Kd2 40. Qc1+ Kc3 41.
Qe1+ Kxc2 42. Rc1+ Kxd3 43. Qxf2 Qe6 44. Qc2+ Kd4 45. Rd1+ Ke5 46. Re1+ Kd6 47. Rxe6+ Kxe6 48. Qc6+ Ke5 49.
Qxb5+ Kd4 50. a4 g5 51. a5 g4 52. a6 h5 53. a7 h4 54. a8=Q g3 55. Qad5+ Kc3 56. Qbb3# 1-0

[Event "Latvijas 2022. gada jauniešu čempionāta fināls"]
[Site "Riga, Latvia"]
[Date "2022.06.15"]
[Round "6.25"]
[White "Steinbergs, Raivo"]
[Black "Krastins, Arturs"]
[Result "1-0"]
[TimeControl "3600+30"]
[WhiteElo "1397"]
[BlackElo "1506"]

1. d4 g6 2. c4 Bg7 3. Nc3 d6 4. Nf3 Nd7 5. e3 b6 6. d5 e5 7. Be2 f5 8. b4 a5 9. bxa5 Rxa5 10.
Nb5 Nc5 11. a4 g5 12. Bd2 Ra6 13. Bc3 g4 14. Nd2 Nf6 15. f3 h5 16. Qc2 O-O 17. a5 Bh6 18. f4 exf4 19. exf4 Bxf4 20.
O-O Be3+ 21. Kh1 Nfe4 22. Nxe4 Nxe4 23. Bd3 Nxc3 24. Qxc3 f4 25. Bc2 Rxa5 26. Rxa5 bxa5 27. Qxa5 Qh4 28.
Qxc7 Rf7 29. Qxc8+ Kg7 30. Qe6 f3 31. Qg6+ Kf8 32. Qxd6+ Kg7 33. Qg6+ Kf8 34. Qd6+ Kg7 35. Qe5+ Kg8 36.
Qxe3 g3 37. Qe8+ Kg7 38. Qe5+ Kf8 39. Qh8+ Ke7 40. Re1+ 1-0

[Event "Latvijas 2022. gada jauniešu čempionāta fināls"]
[Site "Riga, Latvia"]
[Date "2022.06.15"]
[Round "6.26"]
[White "Adamovics, Aleksejs"]
[Black "Petrovs, Renars"]
[Result "1-0"]
[TimeControl "3600+30"]
[WhiteElo "1922"]
[BlackElo "1327"]

1. d4 d5 2. c4 c6 3. cxd5 cxd5 4. Nc3 Nf6 5. Bf4 a6 6. e3 e6 7. Bd3 Bd6 8. Nge2 Nc6 9. O-O O-O 10.
Rc1 Bxf4 11. Nxf4 Qd6 12. Qd2 b5 13. Bb1 Bb7 14. Nd3 Rac8 15. Nc5 Rc7 16. f4 Ne7 17. Qe2 g6 18. Bd3 Nf5 19.
Nb1 b4 20. Nd2 Nd7 21. Ndb3 Nxc5 22. Nxc5 Ne7 23. Rc2 Rfc8 24. Rfc1 Qb6 25. b3 Kg7 26. h3 a5 27. Kh1 h5 28. Qf2 Bc6 29. Qe2 Bb7 30. g3 Rc6 31. Bb5 R6c7 32. Kg2 Rh8 33. Nxe6+ Qxe6 34. Rxc7 Bc8 35. Kg1 Nf5 36. Qf2 Nd6 37. Bd3 Qxh3 38.
R1c6 Ne4 39. Bxe4 dxe4 40. Qg2 Qg4 41. Rc1 Ba6 42. R7c5 Bd3 43. Rg5 Qd7 44. Rcc5 a4 45. f5 axb3 46.
fxg6 fxg6 47. Rcd5 Qc7 48. Rc5 Qd7 49. Rgd5 Qa7 50. Ra5 Qc7 51. Rdc5 Qd7 52. Rd5 Qc7 53. Rdc5 Qd7 54. axb3 Rf8 55.
Ra2 Rf1+ 56. Kh2 Qf7 57.
d5 Kh6 58. d6 Qd7 59. Rf2 Qxd6 60. Rc8 Qe6 61. Rh8+ Kg7 62. Rxf1 Bxf1 63. Qb2+ Kf7 64. Rh7+ Kf8 65. Qh8+ Qg8 66. Qf6+ 1-0

[Event "Latvijas 2022. gada jauniešu čempionāta fināls"]
[Site "Riga, Latvia"]
[Date "2022.06.15"]
[Round "6.27"]
[White "Savicevs, Arsenijs"]
[Black "Freibergs, Filips"]
[Result "1-0"]
[TimeControl "3600+30"]
[WhiteElo "1961"]
[BlackElo "1250"]

1. Nf3 d5 2. d4 Bf5 3. c4 e6 4. Nc3 Nf6 5. Bf4 c6 6. e3 Be7 7. Be2 Nbd7 8. Nh4 Nh5 9. Nxf5 exf5 10.
Bxh5 g6 11. Be2 Nf8 12. cxd5 cxd5 13. Bb5+ Nd7 14. Nxd5 Qa5+ 15. Nc3 Bb4 16. Bxd7+ Kxd7 17. O-O h5 18. Qb3 Bxc3 19. Qxf7+ Kc6 20. Qe6+ Kb5 21. a4+ Kb4 22. Bd6+ 1-0

[Event "Latvijas 2022. gada jauniešu čempionāta fināls"]
[Site "Riga, Latvia"]
[Date "2022.06.15"]
[Round "7.1"]
[White "Varpins, Kristians"]
[Black "Vingris, Mikelis"]
[Result "0-1"]
[TimeControl "3600+30"]
[WhiteElo "1374"]
[BlackElo "1781"]

1. e4 c5 2. Nf3 d6 3. d4 cxd4 4.
Nxd4 Nf6 5. Nc3 a6 6. Bd3 e5 7. Nde2 Be7 8. h3 h5 9. Be3 Be6 10. Qd2 Nbd7 11. O-O b5 12. a3 Nb6 13.
f4 Rc8 14. Rad1 Qc7 15. fxe5 dxe5 16. Ng3 g6 17. Qf2 Nfd7 18. Kh1 h4 19. Nge2 Qb7 20. Qf3 Rd8 21. Kh2 Rg8 22. Nd5 Nxd5 23.
exd5 Bxd5 24. Be4 Nf6 25. Bxd5 Rxd5 26. Bg5 e4 27. Qe3 Rxd1 28. Rxd1 Kf8 29. Bh6+ Ke8 30. Bg5 Nd7 31. Bxe7 Kxe7 32.
Nc3 f5 33. Qg5+ Kf7 34. Nd5 Qb8+ 35. Nf4 Nf6 36. Kh1 Qe5 37. c3 a5 38. Kg1 e3 39. Ne2 Re8 40. Qxh4 Qe4 41. Qxe4 Rxe4 42.
Rd4 Re5 43. b4 axb4 44. cxb4 Nd5 45. g3 Nb6 46. Kg2 g5 47. Kf3 Nc4 48. Rd3 Re4 49. Rd4 Re5 50. Rd3 Nd2+ 51. Kg2 Kg6 52.
Rd6+ Kg7 53. Rd4 Nc4 54. Rd3 Kg6 55. Kf3 Re6 56. Rd5 Nxa3 57. Nd4 Re4 58. Rd6+ Kf7 59. Ke2 f4 60. gxf4 gxf4 61.
Kf3 Re8 62. Ne2 Nc2 63. Kxf4 Nxb4 64. h4 Nc2 65. Rc6 Ne1 66. Rb6 b4 67. Kg3 Nd3 68. Kf3 Ne5+ 69. Kf4 Nd3+ 70. Kf3 Kg7 71.
h5 Re7 72. Ng3 Kh7 73. Rb5 Ne1+ 74. Ke2 Nc2 75. Kd3 Rc7 76. Ne4 e2 77. Ng5+ Kh6 78. Nf3 e1=Q 79. Nxe1 Nxe1+ 80. Kd2 Nc2 81.
Kd3 Rc3+ 82. Kd2 Rc8 83. Kd3 Rc6 84. Kd2 Rc4 85. Kd3 Na3 86. Rb6+ Kxh5 87. Rb5+ Kg6 88. Rb6+ Kf5 89. Rb5+ Ke6 90.
Rb6+ Kd5 91. Rh6 Rc3+ 92. Kd2 Nb1+ 93. Kd1 Kc4 0-1

[Event "Latvijas 2022. gada jauniešu čempionāta fināls"]
[Site "Riga, Latvia"]
[Date "2022.06.15"]
[Round "7.2"]
[White "Otrohovs, Maksims"]
[Black "Sokolovskis, Pavels"]
[Result "1-0"]
[TimeControl "3600+30"]
[WhiteElo "1098"]
[BlackElo "1572"]

1. Nf3 Nf6 2. g3 g6 3. Bg2 Bg7 4. O-O O-O 5. d4 d5 6. c4 c6 7. Nc3 Bg4 8. Ne5 Be6 9. cxd5 Nxd5 10.
Nf3 Nd7 11. e4 Nxc3 12. bxc3 Bc4 13. Re1 Nb6 14. a4 Re8 15. a5 Nd7 16. Nd2 Ba6 17. f4 e6 18. e5 c5 19. Ne4 Bf8 20.
Ba3 f5 21. Ng5 h6 22. Nxe6 1-0

[Event "Latvijas 2022. gada jauniešu čempionāta fināls"]
[Site "Riga, Latvia"]
[Date "2022.06.15"]
[Round "7.3"]
[White "Mierins, Emils Janis"]
[Black "Bogdanovics, Kirills"]
[Result "1-0"]
[TimeControl "3600+30"]
[WhiteElo "2016"]
[BlackElo "1785"]

1. e4 c5 2. Nf3 d6 3. d4 cxd4 4. Qxd4 Nc6 5. Bb5 Bd7 6. Qd3 g6 7. c4 Bg7 8. Nc3 Nf6 9. O-O O-O 10.
h3 a6 11. Bxc6 Bxc6 12. Be3 b5 13. cxb5 Bxb5 14. Nxb5 axb5 15. Nd4 Qd7 16. Rfc1 Qb7 17. f3 b4 18. Qb3 Nd7 19. Rc4 Nc5 20.
Qxb4 Rfb8 21. Qxb7 Rxb7 22. b4 Nd3 23. Rb1 Bf6 24. Rb3 Ne5 25. Rc2 Nd7 26. Nc6 Nb6 27. Na5 Rbb8 28. Rc7 Kf8 29.
Nc6 Rc8 30. Bxb6 Rxc7 31. Bxc7 Rc8 32. b5 Rxc7 33. e5 Bg5 34. exd6 exd6 35. a4 d5 36. a5 d4 37. a6 Be3+ 38.
Rxe3 dxe3 39. a7 Rc8 40. b6 Kg7 41. b7 Rxc6 42. Kf1 1-0

[Event "Latvijas 2022. gada jauniešu čempionāta fināls"]
[Site "Riga, Latvia"]
[Date "2022.06.15"]
[Round "7.4"]
[White "Harlamovs, Daniils"]
[Black "Germanovs, Georgijs"]
[Result "0-1"]
[TimeControl "3600+30"]
[WhiteElo "1407"]
[BlackElo "1750"]

1. d4 Nf6 2. c4 c5 3. d5 b5 4. cxb5 a6 5. b6 d6 6. Nc3 Nbd7 7. e4 g6 8. Nf3 Bg7 9. Be2 O-O 10.
O-O Nxb6 11. h3 a5 12. Be3 a4 13. Rc1 Ba6 14. Bxa6 Rxa6 15. Qe2 Qa8 16. Rfd1 Ra7 17. Nd2 Rb8 18.
f4 Rab7 19. Rb1 Qa5 20. a3 Ne8 21. Qd3 Nd7 22. Nc4 Qa6 23. Rdc1 Rb3 24. Bd2 Nb6 25. Ne5 c4 26. Qg3 dxe5 27.
fxe5 Nd7 0-1

[Event "Latvijas 2022. gada jauniešu čempionāta fināls"]
[Site "Riga, Latvia"]
[Date "2022.06.15"]
[Round "7.5"]
[White "Ivulans, Patriks"]
[Black "Andrusevics, Jegors"]
[Result "0-1"]
[TimeControl "3600+30"]
[WhiteElo "1148"]
[BlackElo "1569"]

1. e4 e6 2. d4 d5 3. Nd2 c5 4. exd5 Qxd5 5. Ngf3 Nc6 6. Bc4 Qd8 7. O-O Nf6 8. Nb3 cxd4 9. Qe2 Be7 10.
Rd1 O-O 11. Nbxd4 Qc7 12. Nxc6 bxc6 13. Bg5 Bb7 14. Bh4 Nd5 15. Bg3 Bd6 16. Bxd6 Qxd6 17. Bb3 Qc7 18. c3 c5 19. Bc2 Nf6 20.
Ne1 Rad8 21. c4 Rfe8 22. Rd3 Rxd3 23. Nxd3 Be4 24. Ne1 Bxc2 25. Nxc2 Rd8 26. Rd1 h6 27. Na3 a6 28. Nb1 Rxd1+ 29. Qxd1 Qe5 30. Nc3 Qd4 31. Qxd4 cxd4 32. Nd1 Ne4 33. Kf1 e5 34. f3 Nd2+ 35. Ke2 Nxc4 36. Kd3 Nd6 37. b4 Kf8 38.
Nb2 Ke7 39. a4 Kd7 40. Kc2 Kc6 41. Nd3 f6 42. Kb3 Kb6 43. Nc5 Nf5 44. Nd3 Ne3 45. g3 Nf1 46. Kc4 Nd2+ 47. Kd5 Nxf3 48.
h3 Ng5 49. Kc4 Ne4 50. b5 axb5+ 51. axb5 Nd6+ 52. Kb4 Nxb5 53. Kb3 e4 54. Nf4 Kc5 55. Ne6+ Kd5 56. Nf4+ Ke5 57. Kc2 Nd6 58.
Kd2 Nf5 59. Ng6+ Kd5 60. Nf4+ Kc4 61. g4 Ne7 62. h4 Nd5 63. Ne2 d3 64. Ng3 e3+ 65. Ke1 d2+ 66. Kd1 Nc3+ 67. Kc2 d1=Q+ 68. Kb2 Qb1+ 69. Ka3 Qb3# 0-1

[Event "Latvijas 2022. gada jauniešu čempionāta fināls"]
[Site "Riga, Latvia"]
[Date "2022.06.15"]
[Round "7.6"]
[White "Derbenev, Arseniy"]
[Black "Merzlovs, Timurs"]
[Result "1-0"]
[TimeControl "3600+30"]
[WhiteElo "1477"]
[BlackElo "1152"]

1. e4 e5 2. Nf3 Nc6 3. Bc4 Bc5 4.
d3 Nf6 5. Nc3 d6 6. Bg5 h6 7. Bxf6 gxf6 8. Qd2 Be6 9. Nd5 Bxd5 10. Bxd5 Qd7 11. O-O-O O-O-O 12. Bxc6 Qxc6 13. Qe2 d5 14.
Nh4 Qb5 15. Qf3 Qb6 16. Nf5 d4 17. Qh5 Qe6 18. Kb1 Bb6 19. Ng7 Qe7 20. Nf5 Qe6 21. g4 c5 22. Ng7 Qe7 23. h4 Rh7 24.
Nf5 Qe6 25. g5 fxg5 26. hxg5 Rdh8 27. gxh6 Kb8 28. Rdg1 Bd8 29. Rg2 Bf6 30. Rhg1 Qe8 31. a3 Qf8 32. Qf3 Kc7 33. Rg4 b5 34.
Qg3 a5 35. f4 Qe8 36. fxe5 Bxe5 37. Qe1 Kb6 38. b4 a4 39. bxc5+ Kxc5 40. Qb4+ Kc6 41. Ka1 Qe6 42. Ne7+ Kb6 43.
Nf5 Kc6 44. Qa5 Bc7 45. Qa6+ Kd7 46. Qxb5+ Qc6 47. Qxc6+ Kxc6 48. Rg7 1-0

[Event "Latvijas 2022. gada jauniešu čempionāta fināls"]
[Site "Riga, Latvia"]
[Date "2022.06.15"]
[Round "7.8"]
[White "Vasiljeva, Sofja"]
[Black "Jekabsone, Nellija"]
[Result "1-0"]
[TimeControl "3600+30"]
[WhiteElo "1676"]
[BlackElo "1120"]

1. e4 c5 2. Nf3 d6 3. Bb5+ Nd7 4. c3 Ngf6 5. Qe2 a6 6. Bd3 e6 7. O-O Be7 8. Bc2 O-O 9. d4 cxd4 10.
cxd4 b5 11. Nc3 Bb7 12. a3 Rc8 13. Bf4 Re8 14. h3 Nb6 15. Rad1 Nc4 16. e5 dxe5 17. dxe5 Qb6 18. exf6 Bxf6 19.
Ne4 Bxe4 20. Qxe4 g6 21. Bc1 Nxb2 22. Bxb2 Bxb2 23. Bb1 Bxa3 24. Ne5 Bb2 25. Rd7 Bxe5 26. Qxe5 Red8 27. Rxd8+ Rxd8 28.
Rc1 Qd4 29. Qc7 Qd6 30. Qb7 Rb8 31. Qc6 Qxc6 32. Rxc6 Ra8 33. Rb6 Kf8 34. Be4 Ra7 35. Bb7 a5 36. Rxb5 a4 37. Rb1 a3 38.
Be4 a2 39. Ra1 Ke7 40. Bc2 Kd6 41. Bb3 Ra3 42. Bxa2 Ke7 43. Kf1 Ra5 44. Ke2 Re5+ 45. Kd2 h5 46. Bc4 Kf6 47. Rb1 Rc5 48.
Bd3 g5 49. Rb5 Rc7 50. Ke3 h4 51. f4 gxf4+ 52. Kxf4 Rc8 53. Rh5 Rc3 54. Ke3 1-0

[Event "Latvijas 2022. gada jauniešu čempionāta fināls"]
[Site "Riga, Latvia"]
[Date "2022.06.15"]
[Round "7.9"]
[White "Tolmacevs, Romans"]
[Black "Steiners, Emils"]
[Result "1/2-1/2"]
[TimeControl "3600+30"]
[WhiteElo "1466"]
[BlackElo "1601"]

1. e4 e6 2. d4 d5 3. Nc3 Bb4 4. e5 c5 5. a3 Bxc3+ 6. bxc3 Ne7 7. Nf3 Qa5 8. Bd2 Nbc6 9. Be2 Bd7 10.
O-O c4 11. Qb1 O-O-O 12. Qb2 h6 13. a4 Rdg8 14. Qb5 Qc7 15. Qc5 f5 16. exf6 gxf6 17. Rfe1 Nf5 18. Kh1 Qd6 19. Qxd6 Nxd6 20.
Kg1 Ne4 21. Red1 b6 22. Nh4 a5 23. Bf3 Nxd2 24. Rxd2 Kc7 25. g3 Rb8 26. Rb1 Rb7 27. Rdd1 Rhb8 28. Ng2 b5 29. axb5 Rxb5 30. Rxb5 Rxb5 31.
Ra1 Na7 32. Kf1 a4 33. Ke2 Ra5 34. Kd2 a3 35. Ne3 f5 36. g4 fxg4 37. Nxg4 h5 38. Ne5 h4 39. Ng6 Nb5 40. Nxh4 a2 41.
Ng6 Ra3 42. Ne5 Be8 43. h4 Nxc3 44. h5 Bxh5 45. Bxh5 Nb5 46. Nf3 Kb6 47. Kc1 Ka5 48. Kb2 c3+ 49. Kc1 Kb4 50. Be8 Nd6 51.
Bd7 Ne4 52. Kd1 Nxf2+ 53. Ke2 Ne4 54. Bxe6 Kc4 55. Ke3 Nf6 56. Ne5+ Kb4 57. Kd3 Ra6 58. Bf7 Ka3 59. Kxc3 Ne4 60.
Kd3 Kb2 61. Rxa2+ Rxa2 62. Bxd5 Nf2+ 63. Ke2 Ra4 64. Nc4+ Kxc2 65. Kxf2 Kc3 66. Ke3 Ra1 67. Ne5 Re1 68. Kf2 Kxd4 69.
Kxe1 Kxd5 1/2-1/2

[Event "Latvijas 2022. gada jauniešu čempionāta fināls"]
[Site "Riga, Latvia"]
[Date "2022.06.15"]
[Round "7.10"]
[White "Liepina, Daniela,Nikola"]
[Black "Jansone, Melanija Luize"]
[Result "0-1"]
[TimeControl "3600+30"]
[WhiteElo "1082"]
[BlackElo "1590"]

1. e4 d6 2. Nf3 Nf6 3. Nc3 c5 4.
d4 cxd4 5. Nxd4 g6 6. Be2 Bg7 7. O-O O-O 8. f4 Nc6 9. Be3 Bd7 10. a3 a6 11. h3 Rc8 12. Qd2 b5 13. b4 Qc7 14.
Bf3 Rfd8 15. Rfd1 Nxd4 16. Bxd4 Bc6 17. Rac1 Bb7 18. Nd5 Bxd5 19. exd5 Qc4 20. Bf2 Qa2 21. Qd3 Rd7 22. Rd2 Qc4 23.
Qxc4 Rxc4 24. Bg3 Ne4 25. Bxe4 Rxe4 26. c3 Rc7 27. Rd3 Rec4 28. Be1 Rxf4 29. Bd2 Rfc4 30. Kf2 Bf6 31. g4 Kg7 32.
g5 Be5 33. Kg2 f6 34. gxf6+ exf6 35. Kh1 g5 36. Rf3 Kg6 37. Kg2 h5 38. Be1 g4 39. hxg4 hxg4 40. Rd3 f5 41. Bg3 f4 42.
Be1 Kf5 0-1

[Event "Latvijas 2022. gada jauniešu čempionāta fināls"]
[Site "Riga, Latvia"]
[Date "2022.06.15"]
[Round "7.11"]
[White "Kuznecova, Marija"]
[Black "Sinicina, Jevgenija"]
[Result "1-0"]
[TimeControl "3600+30"]
[WhiteElo "1783"]
[BlackElo "1231"]

1. e4 e5 2. Nf3 Nf6 3. Nxe5 d6 4.
Nf3 Nxe4 5. d4 d5 6. Bd3 Bd6 7. O-O O-O 8. c4 c6 9. Nc3 Bf5 10. cxd5 cxd5 11. Qc2 Re8 12. Re1 Nc6 13.
a3 Rc8 14. Be3 h6 15. Kh1 Bb8 16. Nd2 Qh4 17. Nf3 Qd8 18. Kg1 Bh7 19. Nd2 Qd6 20. g3 Nf6 21. Bxh7+ Nxh7 22. Qf5 Ne7 23.
Qf3 Nf6 24. Rac1 Qd7 25. Bxh6 Qh3 26. Bg5 Nf5 27. Bxf6 gxf6 28. Nb3 Nh4 29. Qxd5 Qg4 30. Re4 Rxe4 31. Qxe4 Nf3+ 32. Kg2 Nh4+ 33.
Kh1 Qf3+ 34. Qxf3 Nxf3 35. Kg2 Ng5 36. Re1 Ne6 37. f4 b6 38. f5 Nc7 39. Kf3 Rd8 40. Re4 b5 41. Na5 Re8 42.
Rxe8+ Nxe8 43. Nc6 Bc7 44. Nxb5 Bb6 45. Ncxa7 Bxa7 46. Nxa7 1-0

[Event "Latvijas 2022. gada jauniešu čempionāta fināls"]
[Site "Riga, Latvia"]
[Date "2022.06.15"]
[Round "7.17"]
[White "Nazarovs, Daniils"]
[Black "Krakops, Martijs"]
[Result "0-1"]
[TimeControl "3600+30"]
[WhiteElo "1245"]
[BlackElo "1253"]

1. e4 e6 2. d4 d5 3. Nc3 dxe4 4. Nxe4 Bd7 5. a3 Bc6 6. Nc3 Nf6 7. Bb5 Bd6 8. Bg5 O-O 9. Bxc6 Nxc6 10.
Nf3 Re8 11. O-O h6 12. Bh4 Be7 13. Re1 Nd5 14. Bxe7 Rxe7 15. Ne4 b5 16. Nc5 Rb8 17. Ne5 Nxe5 18. dxe5 c6 19. Qf3 Qb6 20.
Ne4 Qd4 21. Nc3 Nxc3 22. bxc3 Qc5 23. Red1 Qxe5 24. Qxc6 Rc7 25. Qf3 Rxc3 26. Re1 Qc5 27. Qf4 Rc8 28. Re5 Qd6 29. g3 R8c4 30. Re4 Qxf4 31. Rxf4 Rxf4 32.
gxf4 Rxc2 33. Rb1 a6 34. Rb3 Rc4 35. Rf3 g6 36. Kg2 Kg7 37. Kg3 Kf6 38. Rd3 Ra4 39. Re3 g5 40. fxg5+ hxg5 41.
h3 e5 42. Rd3 Kg6 43. Rd6+ f6 44. Rd3 e4 45. Rb3 f5 46. Rc3 Kh5 47. f4 Rc4 48. Rb3 e3 49. Rxe3 gxf4+ 0-1

[Event "Latvijas 2022. gada jauniešu čempionāta fināls"]
[Site "Riga, Latvia"]
[Date "2022.06.15"]
[Round "7.18"]
[White "Valdats, Reinis"]
[Black "Gaidis, Edvards"]
[Result "1-0"]
[TimeControl "3600+30"]
[WhiteElo "1488"]
[BlackElo "1190"]

1. e4 c6 2. d4 d5 3. e5 Bf5 4. h4 h5 5. Nf3 e6 6. Bd3 Bxd3 7. Qxd3 c5 8. c3 Nc6 9. O-O Nge7 10.
Be3 cxd4 11. cxd4 Nf5 12. a3 Nxh4 13. Nxh4 Qxh4 14. Nc3 Be7 15. Rac1 O-O 16. f4 Na5 17. f5 Nc4 18. Rc2 Qg3 19.
Re2 Bg5 20. Rf3 Bxe3+ 21. Rexe3 Qg5 22. Re2 Qc1+ 23. Nd1 Rac8 24. f6 g6 25. Rg3 Kh7 26. Rh3 Qg5 27. Nf2 Rc6 28. g4 Kg8 29.
Kh1 hxg4 30. Nxg4 Qxg4 31. Reh2 Nxe5 32. Rh8# 1-0

[Event "Latvijas 2022. gada jauniešu čempionāta fināls"]
[Site "Riga, Latvia"]
[Date "2022.06.15"]
[Round "7.19"]
[White "Freibergs, Filips"]
[Black "Paikens, Reinis"]
[Result "0-1"]
[TimeControl "3600+30"]
[WhiteElo "1250"]
[BlackElo "1534"]

1. d4 d5 2. Nf3 Bf5 3. e3 Nf6 4.
Nbd2 e6 5. b3 Bd6 6. Bb2 Nbd7 7. Be2 a6 8. Nh4 Bg6 9. Nxg6 hxg6 10. f4 c6 11. Nf3 Ne4 12. a3 Qa5+ 13. c3 Qd8 14.
Bd3 Ndf6 15. Ne5 Ng3 16. Rg1 Rxh2 17. Qf3 Nfe4 18. Qg4 Bxe5 19. fxe5 Rh4 20. Qf3 Qg5 21. O-O-O c5 22. c4 Rc8 23.
Kb1 cxd4 24. Bxd4 Nf5 25. Bb2 Qxe3 26. cxd5 Nd2+ 27. Rxd2 Qxg1+ 28. Rd1 Qe3 29. d6 Qxf3 30. gxf3 Kd7 31. Be4 Ne3 32. Rd2 Rh1+ 33.
Ka2 Nd5 34. a4 Rch8 35. Rd4 R1h2 36. Ka3 Re2 37. Rc4 b5 38. Bxd5 bxc4 39. Bxc4 Rhh2 40. Bd4 Ra2+ 41. Kb4 Rh4 42.
Be3 Rxc4+ 43. Kxc4 Kc6 44. Kb4 Re2 45. Bd4 Rd2 46. Kc3 Rd1 47. b4 Ra1 48. Kc4 Rb1 49. f4 Rc1+ 50. Bc3 f6 51.
b5+ axb5+ 52. axb5+ Kb6 53. Kb4 Rb1+ 54. Ka4 Rxb5 55. Bd4+ Kc6 56. Bc3 Rb7 57. Ka5 fxe5 58. Bxe5 Rb5+ 59.
Ka4 Rxe5 60. fxe5 g5 0-1

[Event "Latvijas 2022. gada jauniešu čempionāta fināls"]
[Site "Riga, Latvia"]
[Date "2022.06.15"]
[Round "7.20"]
[White "Aleidzans, Vadims"]
[Black "Savicevs, Arsenijs"]
[Result "1-0"]
[TimeControl "3600+30"]
[WhiteElo "1367"]
[BlackElo "1961"]

1. e4 c5 2. Nf3 e6 3. c4 Nc6 4. d4 cxd4 5. Nxd4 Nf6 6. Nc3 Bb4 7. Nxc6 bxc6 8. Bd3 d5 9. cxd5 cxd5 10.
Qa4+ Bd7 11. Qxb4 Rb8 12. Qa3 d4 13. Ne2 e5 14. O-O Qe7 15. Qxe7+ Kxe7 16. b3 Bc6 17. f3 Nd7 18. Ba3+ Ke6 19.
Bc4+ Kf6 20. Bd6 Rb7 21. f4 Nb6 22. fxe5+ Kg6 23. Bd3 h5 24. Nxd4 Bd7 25. Ba6 Rbb8 26. Bxb8 Rxb8 27. Rac1 Re8 28.
Nf3 1-0

[Event "Latvijas 2022. gada jauniešu čempionāta fināls"]
[Site "Riga, Latvia"]
[Date "2022.06.15"]
[Round "7.21"]
[White "Petrovs, Renars"]
[Black "Tabors, Emils"]
[Result "1-0"]
[TimeControl "3600+30"]
[WhiteElo "1327"]
[BlackElo "1813"]

1. d4 Nf6 2. Bg5 Ne4 3. Bf4 c5 4. c3 Qb6 5. Qb3 Qf6 6. Be3 e6 7. Nf3 Nc6 8. d5 Ne5 9. Nxe5 Qxe5 10.
dxe6 fxe6 11. Nd2 Be7 12. Nf3 Qc7 13. g3 d5 14. Bg2 Bd7 15. O-O O-O 16. Rad1 Bc6 17. Bf4 Rxf4 18. gxf4 Qxf4 19.
e3 Qg4 20. Ne5 Qg5 21. f4 Qf5 22. Nxc6 bxc6 23. Qb7 Re8 24. Qxa7 Qg6 25. Qa4 e5 26. Kh1 c4 27. f5 Qg4 28.
Rxd5 Bg5 29. Rf3 Rf8 30. Rd1 Kh8 31. Qc2 Bxe3 32. Rxe3 Nf2+ 33. Qxf2 Qxd1+ 34. Re1 Qa4 35. Rxe5 Qxa2 36.
Bxc6 Qa6 37. Be4 Qa4 38. Kg2 Qd1 39. Bf3 Qc1 40. Qe2 Qg5+ 41. Kf1 h6 42. Re8 Qxf5 43. Rxf8+ Qxf8 44. Kf2 Qb8 45. Kg2 Qb5 46. Qd2 Qb6 47.
Be4 Qb8 48. Kf3 Qf8+ 49. Qf4 Qd8 50. Ke2 1-0

[Event "Latvijas 2022. gada jauniešu čempionāta fināls"]
[Site "Riga, Latvia"]
[Date "2022.06.15"]
[Round "7.22"]
[White "Springis, Jevgenijs"]
[Black "Adamovics, Aleksejs"]
[Result "1-0"]
[TimeControl "3600+30"]
[WhiteElo "1975"]
[BlackElo "1922"]

1. e4 c5 2. Nf3 Nc6 3. d4 cxd4 4. Nxd4 g6 5. c4 Bg7 6. Nc2 Nf6 7. Nc3 O-O 8. Be2 d6 9. Be3 Bd7 10.
O-O Rc8 11. h3 Na5 12. Na3 b6 13. Qd2 Bc6 14. b4 Nb7 15. f3 h5 16. Rfd1 a5 17. Rab1 axb4 18. Rxb4 Nd7 19. Nab5 Ra8 20.
Nd4 Na5 21. Rdb1 Rb8 22. Nd5 e6 23. Nc3 Qe7 24. Na4 Bxa4 25. Rxa4 Rfc8 26. Rab4 Nc6 27. Nxc6 Rxc6 28. f4 Nc5 29.
Bf3 e5 30. Qd5 Qd7 31. f5 Kh7 32. g4 Na6 33. R4b2 Nc5 34. fxg6+ fxg6 35. gxh5 gxh5 36. Kh2 Rf8 37. Bxh5 Na4 38.
Rc2 Rc7 39. Rg1 Qe7 40. Bg6+ Kh8 41. Rg5 Bh6 42. Rh5 Kg7 43. Rg2 Bxe3 44. Bf5+ Bg5 45. Rgxg5+ 1-0

[Event "Latvijas 2022. gada jauniešu čempionāta fināls"]
[Site "Riga, Latvia"]
[Date "2022.06.15"]
[Round "7.23"]
[White "Krastins, Arturs"]
[Black "Fridensteins-Bridins, Atis"]
[Result "1-0"]
[TimeControl "3600+30"]
[WhiteElo "1506"]
[BlackElo "1704"]

1. d4 Nf6 2. Bf4 d6 3. e3 g6 4.
Nf3 Bg7 5. c4 O-O 6. h3 c5 7. Nc3 Nc6 8. d5 Nb8 9. Be2 Nbd7 10. a3 a6 11. Rb1 b5 12. cxb5 Nb6 13. bxa6 Bf5 14.
Bd3 Nbxd5 15. Nxd5 Nxd5 16. Bxf5 Nxf4 17. Be4 d5 18. exf4 dxe4 19. Ng5 Qa5+ 20. Qd2 Qxd2+ 21. Kxd2 Rfd8+ 22. Kc2 Rxa6 23. Rhd1 Rd4 24. Rxd4 Bxd4 25. Nxe4 f5 26. Nd2 Bxf2 27. Rf1 Bh4 28. Rf3 Bf6 29. Nc4 Re6 30. Re3 Kf7 31.
Rxe6 Kxe6 32. Kd3 Kd5 33. a4 Bd4 34. a5 g5 35. a6 Kc6 36. b4 gxf4 37. b5+ Kc7 38. b6+ Kb8 39. Na5 e5 40.
Nc6+ Kc8 41. b7+ 1-0

[Event "Latvijas 2022. gada jauniešu čempionāta fināls"]
[Site "Riga, Latvia"]
[Date "2022.06.15"]
[Round "7.24"]
[White "Stinka, Gustavs"]
[Black "Steinbergs, Raivo"]
[Result "1-0"]
[TimeControl "3600+30"]
[WhiteElo "1086"]
[BlackElo "1397"]

1. e4 c5 2. c3 Nc6 3. Nf3 d6 4. d4 cxd4 5. cxd4 g6 6. d5 Ne5 7. Nxe5 dxe5 8. Qa4+ Bd7 9. Bb5 Nf6 10.
O-O a6 11. Bxd7+ Nxd7 12. Be3 Bg7 13. Nd2 O-O 14. Rac1 f5 15. f3 fxe4 16. fxe4 Nf6 17. Qb4 b5 18. Bc5 a5 19. Qxb5 Rb8 20.
Qa6 Rxb2 21. Qe6+ Kh8 22. Bxe7 Qb6+ 23. Qxb6 Rxb6 24. Bxf8 Bxf8 25. Nc4 Bc5+ 26. Kh1 Ra6 27. d6 Nxe4 28.
d7 Ra8 29. Nxe5 Rb8 30. Nf7+ Kg7 31. d8=Q Rxd8 32. Nxd8 Bb6 33. Ne6+ Kh6 34. Rc4 Nf2+ 35. Rxf2 Bxf2 36. g3 g5 37. Kg2 Ba7 38. Rg4 Be3 39.
h4 a4 40. hxg5+ Kg6 41. Rxa4 Kh5 42. Rh4+ Kg6 43. Rh6+ Kf5 44. Kf3 Bc1 45. g4+ Ke5 46. Nd8 1-0

[Event "Latvijas 2022. gada jauniešu čempionāta fināls"]
[Site "Riga, Latvia"]
[Date "2022.06.15"]
[Round "7.25"]
[White "Podojniks, Marks Ernests"]
[Black "Lahs, Einars"]
[Result "1-0"]
[TimeControl "3600+30"]
[WhiteElo "1372"]
[BlackElo "1675"]

1. e4 c5 2. Nf3 e6 3. Nc3 Nc6 4. d4 cxd4 5. Nxd4 Nf6 6. Nxc6 bxc6 7. e5 Nd5 8. Ne4 Qc7 9. f4 a5 10.
c4 Nb4 11. a3 Na6 12. Be3 Qb7 13. Rb1 Rb8 14. c5 Nc7 15. Qg4 Nd5 16. Bd2 Qa7 17. Bc4 Ba6 18. Bxd5 cxd5 19. Nd6+ Bxd6 20.
Qxg7 Bxe5 21. fxe5 Rf8 22. Bh6 Qxc5 23. Qxf8+ Qxf8 24. Bxf8 Kxf8 25. b4 Ke7 26. Kd2 a4 27. Rhc1 Bc4 28.
Rc3 Rc8 29. Rh3 Rh8 30. b5 d6 31. exd6+ Kxd6 32. Rb4 h5 33. b6 Kc6 34. b7 Kc7 35. Rxh5 Rf8 36. Rg5 Kb8 37. h4 Ba6 38.
Rxa4 Kxb7 39. h5 Bb5 40. Rb4 Ka6 41. h6 Rh8 42. Rh4 1-0